 Dungeon Crawl Stone Soup version 0.17-a0-1718-g72dbe4d (webtiles) character file.

105193 urechis the Impaler (level 15, 122/122 HPs)
             Began as a Demonspawn Gladiator on Aug 23, 2015.
             Was the Champion of Yredelemnul.
             Drowned
             ... in an ice cave on Aug 24, 2015.
             The game lasted 02:04:18 (29410 turns).

urechis the Impaler (Demonspawn Gladiator)         Turns: 29410, Time: 02:04:18

Health: 122/122    AC: 12    Str: 21    XL:     15   Next: 94%
Magic:  22/22      EV: 30    Int:  9    God:    Yredelemnul [******]
Gold:   914        SH:  0    Dex: 27    Spells: 7 memorised, 0 levels left

rFire  . . .     SeeInvis .     X - +2 glaive (flame)
rCold  . . .     Clarity  .     Z - +0 troll leather armour
rNeg   . . .     SustAt   .     (no shield)
rPois  +         Gourm    .     b - +1 hat
rElec  .         Spirit   +     c - +1 cloak "Nik Ent" {*Drain Str+3 Dex+3}
rCorr  .         Warding  .     E - +0 pair of gloves of the Mind {+Inv rPois}
rMut   .         Stasis   .     (boots unavailable)
MR     +....                    I - amulet of guardian spirit
Stlth  +.........               r - +3 ring of dexterity
                                j - +3 ring of dexterity

@: somewhat resistant to hostile enchantments, very unstealthy
A: hooves 3, horns 1, thin metallic scales 2, demonic guardian 1, regeneration
1, spiny 2
a: Animate Dead, Recall Undead Slaves, Injury Mirror, Drain Life, Enslave Soul,
Renounce Religion, Evoke Invisibility


You were in an ice cave.
You worshipped Yredelemnul.
Yredelemnul was exalted by your worship.
You were not hungry.

You visited 4 branches of the dungeon, and saw 30 of its levels.
You also visited: Sewer, Ice Cave and Volcano.

You collected 3202 gold pieces.
You spent 2288 gold pieces at shops.

Inventory:

Hand weapons
 m - a +3 vampiric spear
 X - a +2 glaive of flaming (weapon)
Missiles
 d - 5 throwing nets (quivered)
Armour
 a - a +3 buckler of protection
 b - a +1 hat (worn)
 c - the +1 cloak "Nik Ent" (worn) {*Drain Str+3 Dex+3}
   (You found it in an ice cave)

   It affects your strength (+3).
   It affects your dexterity (+3).
   It causes draining when unequipped.
 E - the +0 pair of gloves of the Mind (worn) {+Inv rPois}
   (You found it in an ice cave)

   It protects you from poison.
   It lets you turn invisible.
 Z - a +0 troll leather armour (worn)
Jewellery
 j - a +3 ring of dexterity (left hand)
 r - a +3 ring of dexterity (right hand)
 I - an amulet of guardian spirit (around neck)
 U - an uncursed amulet of clarity
Magical devices
 O - a wand of invisibility (8)
Scrolls
 f - 3 scrolls of immolation
 g - 3 scrolls of fear
 i - 3 scrolls of blinking
 k - a scroll of brand weapon
 n - a scroll of amnesia
 q - 16 scrolls of remove curse
 s - 2 scrolls of enchant armour
 y - 6 scrolls of teleportation
 B - a scroll of identify
 C - 2 scrolls of fog
 F - 7 scrolls of magic mapping
 H - 2 scrolls of recharging
 N - 2 scrolls of summoning
 V - 2 scrolls of enchant weapon
Potions
 h - 10 potions of curing
 l - 3 potions of invisibility
 o - a potion of berserk rage
 u - 6 potions of flight
 v - a potion of might
 w - a potion of haste
 z - 8 potions of resistance
 A - 5 potions of lignification
 G - 2 potions of magic
 J - a potion of cancellation
 K - 3 potions of cure mutation
 M - 3 potions of brilliance
 R - 2 potions of ambrosia
Comestibles
 e - 13 bread rations
 p - 38 fruits
 x - 9 meat rations
 P - a slice of pizza


   Skills:
 + Level 12.9 Fighting
 - Level 16.5 Polearms
 - Level 1.7 Throwing
 - Level 5.0 Armour
 + Level 15.4 Dodging
 - Level 4.1 Shields
 - Level 10.0 Invocations


You couldn't memorise any spells.
You knew the following spells:

 Your Spells              Type           Power        Failure   Level  Hunger
a - Apportation           Tloc           #.........   47%         1    ##.....
b - Infusion              Chrm           #.....       47%         1    ##.....
c - Blink                 Tloc           N/A          73%         2    ###....
d - Shroud of Golubria    Chrm/Tloc      #.........   73%         2    ###....
e - Song of Slaying       Chrm           #.......     73%         2    ###....
f - Spectral Weapon       Hex/Chrm       #.......     96%         3    ####...
g - Regeneration          Chrm/Necr      #.........   96%         3    ####...


Dungeon Overview and Level Annotations

Branches:
Dungeon (15/15)            Temple (0/1) D:7            Lair (8/8) D:9
  Swamp (3/4) Lair:4        Snake (0/4) Lair:5        Slime (0/6) Lair:6
    Orc (4/4) D:12            Elf (0/3) Orc:4        Vaults (0/5) D:14
 Depths (0/5) D:15

Altars:
Ashenzari
Cheibriados
Dithmenos
Fedhas
Kikubaaqudgha
Nemelex Xobeh
Qazlal
Ru
Trog
Vehumet
Xom
Yredelemnul
Zin
The Shining One

Shops:
D:8 *   D:12 [   D:13 =*   Orc:3 }:   Orc:4 ?}[

Portals:
Pandemonium: Orc:4


Innate Abilities, Weirdness & Mutations

You have hooves in place of feet.
You are mostly covered in thin metallic scales (AC +3).
A weak demonic guardian rushes to your aid.
You are mostly covered in sharp spines.
You have a pair of small horns on your head.
Your natural rate of healing is unusually fast.


Message History

Partly explored, can't reach some places.
Partly explored, can't reach some places.
Partly explored, can't reach some places.
You are engulfed in freezing vapours.
You are engulfed in freezing vapours.
You are engulfed in freezing vapours.
You enter the shallow water.
Moving in this stuff is going to be slow.
Unknown command.
Use which ability? (? or * to list)
Okay, then.
Drink which item? (? for menu, Esc to quit)
You feel very buoyant.
You fly up into the air.
Partly explored, can't reach some places.
Careful!
You are starting to lose your buoyancy.
You float gracefully downwards.
You fall into the water!
You sink like a stone!
You drown...
You die...
Your body rises from the dead as a mindless zombie.

####≈≈≈#≈####...## ##..##.#.
##.##≈≈##≈≈# ###..#########.#.
#.⌠.##≈≈#≈≈## ##...##.####...
##.##≈≈≈≈≈≈≈######..#..#.##..#
#.###≈#≈≈≈≈≈≈#≈# ##...#..#.#.#
##.##.≈#≈#≈≈≈≈≈## ##.##...####
##.##.##≈≈≈#≈≈≈#########.#
##.#..#≈≈≈≈≈#≈≈≈#########
#..##.##≈≈#@#≈≈≈≈≈#≈≈#≈##
#.###.#≈≈≈≈≈≈≈##≈≈≈≈≈≈≈≈#
##.#.##≈≈≈≈#≈≈##≈≈≈≈≈≈≈≈#
#....#≈≈##≈≈≈≈###≈≈≈≈≈≈≈#
#.#.##≈###≈≈≈≈# ##≈≈≈≈≈##
##.###≈≈#§##≈### ##≈≈#≈# #.##
≈≈ #§### ##≈### #.## #§§# #≈#
#..# #§§# ###


There were no monsters in sight!

Vanquished Creatures
  A thorn hunter (Swamp:3)
  Roxanne (Swamp:2)
  The ghost of kae the Fencer, a powerful MiFi of Makhleb (IceCv)
  2 blizzard demons (IceCv)
  3 hydras
  3 centaur warriors
  A catoblepas (Lair:8)
  5 death yaks (Lair:8)
  An alligator (Swamp:1)
  A tengu warrior (D:13)
  An ogre mage (D:15)
  5 orc high priests (Orc:4)
  2 unseen horrors
  5 ice devils (IceCv)
  2 hill giants
  A putrid demonspawn (Orc:4)
  4 ugly things
  A deep elf conjurer (D:15)
  A griffon (Lair:3)
  An orc sorcerer (Orc:4)
  An orb spider (shapeshifter) (D:13)
  7 elephants
  A naga mage (D:15)
  4 black mambas
  A toenail golem (Volcano)
  A centaur zombie (D:11)
  A torpor snail (Lair:4)
  2 centaur skeletons
  7 spiny frogs
  7 anaconda simulacra (IceCv)
  A golden dragon simulacrum (IceCv)
  A blue devil (IceCv)
  5 komodo dragons
  A giant leech (Swamp:1)
  5 freezing wraiths
  A polar bear (Lair:4)
  A red devil (Orc:4)
  A tengu conjurer (D:13)
  2 trolls
  A fire drake (Lair:2)
  Grinder (D:3)
  14 blink frogs
  A boulder beetle (Lair:7)
  A slime creature (Swamp:1)
  3 two-headed ogres
  A trapdoor spider zombie (D:9)
  3 wraiths (Lair:7)
  Sigmund (D:5)
  2 shadows
  The ghost of urechis the Sneak, an average SpEn (Sewer)
  35 yaks
  A basilisk (Lair:4)
  A death yak simulacrum (IceCv)
  5 humans (Volcano)
  The ghost of urechis the Poker, an average DsGl (D:3)
  6 vampire mosquitoes
  2 iron troll simulacra (IceCv)
  5 hippogriffs
  2 insubstantial wisps (Lair:3)
  10 wolves
  4 hydra simulacra (IceCv)
  2 nagas (Lair:5)
  A wyvern (D:13)
  Edmund (D:5)
  6 soldier ants (Lair:5)
  3 swamp worms
  14 water moccasins
  Duvessa (D:5)
  12 orc warriors
  An alligator simulacrum (IceCv)
  2 black bears (D:9)
  4 sky beasts
  3 wasps
  4 ice beasts
  12 porcupines
  An ettin simulacrum (IceCv)
  A swamp drake (Swamp:1)
  6 ogres
  11 centaurs
  2 phantoms
  9 crocodiles
  2 necrophages
  5 big kobolds
  16 giant frogs
  A water moccasin zombie (D:6)
  9 scorpions
  4 wights (D:12)
  2 killer bees (D:3)
  10 crimson imps
  2 quasits
  2 giant frog zombies
  11 orc priests
  3 jellies
  6 iguanas
  3 giant frog skeletons
  5 hounds
  2 spriggan simulacra (IceCv)
  29 worker ants
  13 orc wizards
  4 troll simulacra (IceCv)
  5 sheep
  A centaur simulacrum (IceCv)
  A hound zombie (D:5)
  2 hound skeletons
  2 naga simulacra (IceCv)
  15 adders
  A gnoll zombie (D:11)
  2 ogre simulacra (IceCv)
  2 worker ant zombies
  51 river rats
  2 shadow imps
  9 white imps
  4 ufetubi (IceCv)
  An ooze (D:3)
  An adder zombie (D:8)
  2 worms (D:2)
  2 adder skeletons
  6 giant geckos
  109 orcs
  2 ball pythons
  11 bats
  7 giant cockroaches
  8 goblins
  7 hobgoblins
  18 jackals
  5 quokkas
  9 giant newts
  30 kobolds
  A quokka skeleton (D:9)
  15 rats
  A butterfly (Lair:3)
  A fungus (D:10)
751 creatures vanquished.

Vanquished Creatures (collateral kills)
  Rupert (Lair:7)
  The ghost of matakusis the Cleaver, a powerful DsGl of Makhleb (Swamp:1)
  Nessos (D:14)
  Josephine (Lair:7)
  Fannar (D:11)
  4 hydras
  A rakshasa (D:15)
  2 catoblepae (Lair:8)
  2 centaur warriors
  A queen ant (Lair:5)
  6 alligators (Swamp:1)
  8 death yaks (Lair:8)
  An ogre mage (D:14)
  3 orc high priests
  A tengu warrior (D:13)
  Sonja (D:14)
  2 unseen horrors
  A soul eater (Orc:4)
  A gelid demonspawn (Orc:4)
  A torturous demonspawn (Orc:4)
  3 swamp dragons
  3 hill giants
  6 orc knights
  A putrid demonspawn (Orc:4)
  10 ugly things
  An oklob plant (Lair:6)
  3 orc sorcerers
  2 black mambas
  A cyclops (D:11)
  7 elephants
  2 toenail golems (Volcano)
  Maurice (D:13)
  2 centaur zombies
  A torpor snail (Lair:7)
  11 spiny frogs
  2 naga magi (D:15)
  A centaur skeleton (D:11)
  4 gargoyles
  2 efreet
  2 tengu conjurers (D:14)
  2 hellwings (Orc:4)
  2 komodo dragons
  2 blue devils (Orc:4)
  2 trolls
  A polar bear (Lair:7)
  A giant leech (Swamp:1)
  3 two-headed ogres
  A raiju (shapeshifter) (D:14)
  7 blink frogs
  5 slime creatures (Swamp:1)
  A bog body (Swamp:1)
  A trapdoor spider (D:15)
  A hippogriff (Lair:1)
  3 deep elf magi
  A water elemental (D:13)
  2 basilisks
  13 yaks
  A hungry ghost (D:15)
  Grum (D:11)
  A spriggan (shapeshifter) (D:14)
  2 wraiths (Lair:7)
  A human (Volcano)
  A chaos spawn (Orc:4)
  3 porcupines
  2 soldier ants (Lair:5)
  4 vampire mosquitoes
  4 water moccasins
  An insubstantial wisp (Lair:3)
  A warg (Orc:3)
  3 swamp worms
  A sky beast (D:11)
  19 orc warriors
  A swamp drake (Swamp:1)
  2 ogres
  2 centaurs
  5 crocodiles
  2 big kobolds
  3 giant frogs
  Dowan (D:5)
  2 scorpions
  A wight (D:12)
  2 crimson imps
  13 orc priests
  2 iguanas (Lair:2)
  4 worker ants
  5 orc wizards
  5 sheep (Lair:5)
  35 river rats
  2 shadow imps
  9 white imps (Swamp:3)
  42 orcs
  A jackal (Sewer)
  6 kobolds
  A quokka (D:9)
  A bat (D:10)
  A giant newt (Lair:4)
  A bush (Lair:2)
  34 fungi
  25 plants
406 creatures vanquished.

Vanquished Creatures (others)
  A skeletal warrior (Orc:4)
  3 flayed ghosts
  A spectral orc (Orc:4)
  6 flying skulls
  2 vampires (Orc:4)
  4 wraiths
  A yak (Lair:7)
  3 spiny frog zombies
  3 blink frog zombies
  A vampire mosquito zombie (Swamp:1)
  2 water moccasin zombies
  10 yak zombies
  2 wights
  3 wolf zombies (Lair:4)
  A basilisk zombie (Lair:8)
  3 soldier ant zombies (Lair:5)
  4 human zombies (Volcano)
  A porcupine zombie (Lair:7)
  An iguana (Lair:4)
  An ogre zombie (Orc:4)
  A crocodile zombie (Lair:4)
  A hound zombie (D:13)
  A mummy (Lair:6)
  12 worker ant zombies (Lair:5)
  2 giant newt zombies (Lair:4)
  2 kobold zombies (D:12)
  An orc skeleton (Orc:4)
  30 orc zombies
  6 river rat zombies
  16 fungi
  12 plants
137 creatures vanquished.

Grand Total: 1294 creatures vanquished

Notes
Turn   | Place    | Note
--------------------------------------------------------------
     0 | D:1      | urechis the Demonspawn Gladiator began the quest for the Orb.
     0 | D:1      | Reached XP level 1. HP: 16/16 MP: 1/1
   167 | D:1      | Reached skill level 3 in Polearms
   189 | D:1      | Gained mutation: You are partially covered in sharp spines. [demonic ancestry]
   189 | D:1      | Reached XP level 2. HP: 20/23 MP: 2/2
   309 | D:1      | You fall through a shaft!
   317 | D:2      | Found a shattered altar of Ashenzari.
   351 | D:2      | Gained mutation: A weak demonic guardian rushes to your aid. [demonic ancestry]
   351 | D:2      | Reached XP level 3. HP: 3/28 MP: 3/3
   617 | D:2      | Found a snail-covered altar of Cheibriados.
   618 | D:2      | Found a sparkling altar of Nemelex Xobeh.
   618 | D:2      | Found a blossoming altar of Fedhas.
   630 | D:2      | Found a sacrificial altar of Ru.
   649 | D:2      | Reached skill level 4 in Polearms
   649 | D:2      | Gained mutation: You have large cloven feet. [demonic ancestry]
   649 | D:2      | Reached XP level 4. HP: 34/34 MP: 4/4
   773 | D:2      | You fall through a shaft!
   821 | D:3      | Found a glowing drain.
   911 | Sewer    | Entered a sewer
   946 | Sewer    | Noticed urechis's ghost (average SpEn)
   956 | Sewer    | Killed urechis's ghost
   956 | Sewer    | Gained mutation: You are partially covered in thin metallic scales (AC +2). [demonic ancestry]
   956 | Sewer    | Reached XP level 5. HP: 39/41 MP: 5/5
   985 | Sewer    | Noticed a big kobold
   993 | Sewer    | Killed a big kobold
   993 | Sewer    | Reached skill level 5 in Polearms
  1103 | Sewer    | Found a glowing silver altar of Zin.
  1161 | D:3      | Noticed urechis's ghost (average DsGl)
  1177 | D:3      | Killed urechis's ghost
  1177 | D:3      | Reached XP level 6. HP: 30/48 MP: 6/6
  1407 | D:3      | Found a basalt altar of Yredelemnul.
  1431 | D:3      | Became a worshipper of Yredelemnul the Dark
  1940 | D:3      | Noticed Grinder
  1962 | D:3      | Paralysed by Grinder for 2 turns
  1965 | D:3      | Killed Grinder
  1965 | D:3      | Reached skill level 6 in Polearms
  1965 | D:3      | Reached XP level 7. HP: 46/55 MP: 7/7
  2305 | D:3      | You fall through a shaft for 3 floors!
  2353 | D:5      | Entered Level 5 of the Dungeon
  2390 | D:5      | Reached skill level 5 in Fighting
  2415 | D:5      | Noticed Sigmund
  2419 | D:5      | Noticed Edmund
  2434 | D:5      | Killed Sigmund
  2434 | D:5      | Reached skill level 7 in Polearms
  2456 | D:5      | Killed Edmund
  2645 | D:5      | Gained mutation: You have hoof-like feet. [demonic ancestry]
  2645 | D:5      | Reached XP level 8. HP: 52/64 MP: 8/8
  2669 | D:5      | Reached skill level 8 in Polearms
  2705 | D:5      | Noticed Dowan
  2715 | D:5      | Killed Dowan
  3120 | D:4      | Found a shadowy altar of Dithmenos.
  3122 | D:4      | Found a radiant altar of Vehumet.
  3672 | D:5      | Acquired Yredelemnul's first power
  3677 | D:5      | Found an ancient bone altar of Kikubaaqudgha.
  3711 | D:5      | Noticed Duvessa
  3723 | D:5      | Killed Duvessa
  4165 | D:5      | Found a glowing golden altar of the Shining One.
  4173 | D:5      | Reached skill level 9 in Polearms
  4394 | D:5      | Got a pair of distressingly furry boots
  4400 | D:5      | Identified the cursed +0 pair of boots of Zampas {+Blink rCorr Str+3} (You found it on level 5 of the Dungeon)
  4971 | D:6      | Gained mutation: You are mostly covered in thin metallic scales (AC +3). [demonic ancestry]
  4971 | D:6      | Reached XP level 9. HP: 68/71 MP: 9/9
  5248 | D:7      | Found a bloodstained altar of Trog.
  5864 | D:7      | Reached skill level 10 in Polearms
  6285 | D:7      | Found a stormy altar of Qazlal.
  6422 | D:7      | Found a staircase to the Ecumenical Temple.
  6763 | D:8      | Found Zin's Purification Station.
  6765 | D:8      | Found a glowing silver altar of Zin.
  6923 | D:8      | Acquired Yredelemnul's second power
  7298 | D:9      | Reached skill level 11 in Polearms
  7314 | D:9      | Found a staircase to the Lair.
  7335 | D:9      | Reached XP level 10. HP: 55/82 MP: 10/10
  7469 | D:9      | Got a pair of steaming gloves
  7475 | D:9      | Identified the +2 pair of gloves of Bycrung {rElec rF- rCorr Int+6} (You found it on level 9 of the Dungeon)
  8367 | D:10     | Entered Level 10 of the Dungeon
  8399 | D:10     | Noticed a hill giant
  8418 | D:10     | Killed a hill giant
  8635 | D:10     | Noticed a white ugly thing
  8653 | D:10     | Killed a white ugly thing
  9013 | Lair:1   | Entered Level 1 of the Lair of Beasts
  9028 | Lair:1   | Reached skill level 12 in Polearms
  9261 | Lair:1   | Reached skill level 10 in Fighting
  9280 | Lair:1   | Acquired Yredelemnul's third power
  9299 | Lair:1   | Reached skill level 5 in Dodging
  9408 | Lair:1   | Reached XP level 11. HP: 87/90 MP: 11/11
  9476 | Lair:1   | Found a basalt altar of Yredelemnul.
  9756 | Lair:1   | Reached skill level 1 in Invocations
  9844 | Lair:1   | Found a shimmering altar of Xom.
 10453 | Lair:2   | Acquired Yredelemnul's fourth power
 10566 | Lair:2   | Found a dark tunnel.
 10567 | Lair:2   | Identified the Papyrus of Shifting Summoning
 10675 | Volcano  | Entered a volcano
 11204 | Lair:2   | Noticed a five-headed hydra
 11217 | Lair:2   | Killed a five-headed hydra
 11262 | Lair:2   | Received a gift from Yredelemnul
 11833 | Lair:2   | Received a gift from Yredelemnul
 12046 | Lair:3   | Reached skill level 5 in Invocations
 12088 | Lair:3   | Reached skill level 5 in Armour
 12248 | Lair:3   | Reached XP level 12. HP: 54/97 MP: 9/16
 13419 | Lair:4   | Acquired Yredelemnul's fifth power
 13563 | Lair:4   | Found a staircase to the Swamp.
 13574 | Lair:4   | Received a gift from Yredelemnul
 14297 | Lair:5   | Reached skill level 10 in Invocations
 14297 | Lair:5   | Received a gift from Yredelemnul
 14329 | Lair:5   | Reached skill level 10 in Dodging
 14464 | Lair:5   | Noticed a four-headed hydra
 14483 | Lair:5   | Killed a four-headed hydra
 14560 | Lair:5   | Found a staircase to the Snake Pit.
 14666 | Lair:5   | Noticed an eight-headed hydra
 14677 | Lair:5   | Killed an eight-headed hydra
 14766 | Lair:5   | Gained mutation: You are mostly covered in sharp spines. [demonic ancestry]
 14766 | Lair:5   | Reached XP level 13. HP: 103/103 MP: 18/20
 14851 | Lair:5   | Received a gift from Yredelemnul
 15660 | Lair:6   | Found a staircase to the Slime Pits.
 16086 | Lair:7   | Received a gift from Yredelemnul
 16478 | Lair:7   | Received a gift from Yredelemnul
 16646 | Lair:7   | Noticed Josephine
 16662 | Lair:7   | Killed Josephine
 16728 | Lair:7   | Reached skill level 13 in Dodging
 16734 | Lair:7   | Received a gift from Yredelemnul
 17062 | Lair:7   | Noticed Rupert
 17085 | Lair:7   | Killed Rupert
 17428 | Lair:7   | Got a distressingly furry plate armour
 17439 | Lair:7   | Identified the +0 plate armour "Riruulesh" {rElec rF+ Str+3} (You found it on level 7 of the Lair of Beasts)
 17473 | Lair:8   | Entered Level 8 of the Lair of Beasts
 17609 | Lair:8   | Received a gift from Yredelemnul
 17618 | Lair:8   | Upgraded the game from 0.17-a0-1714-g35622ae to 0.17-a0-1718-g72dbe4d
 17630 | Lair:8   | Reached skill level 14 in Dodging
 17819 | Lair:8   | Received a gift from Yredelemnul
 17973 | Lair:8   | Reached XP level 14. HP: 110/110 MP: 18/21
 18048 | Lair:8   | Received a gift from Yredelemnul
 18325 | Lair:8   | Reached skill level 15 in Dodging
 18837 | D:10     | Received a gift from Yredelemnul
 19441 | D:11     | Noticed Grum
 19448 | D:11     | Killed Grum
 19456 | D:11     | Received a gift from Yredelemnul
 19778 | D:11     | Noticed Fannar
 19875 | D:11     | Killed Fannar
 20668 | D:12     | Found a staircase to the Orcish Mines.
 20693 | D:12     | Found Toihoney's Armour Emporium.
 20839 | D:12     | Received a gift from Yredelemnul
 21085 | D:12     | Found a shimmering altar of Xom.
 21393 | D:12     | Found a glowing golden altar of the Shining One.
 21462 | Orc:1    | Entered Level 1 of the Orcish Mines
 21821 | Orc:1    | Received a gift from Yredelemnul
 22335 | Orc:2    | Received a gift from Yredelemnul
 22655 | Orc:4    | Entered Level 4 of the Orcish Mines
 23002 | Orc:3    | Found Joezxife's Book Boutique.
 23036 | Orc:3    | Received a gift from Yredelemnul
 23092 | Orc:3    | Found Bypumm's Gadget Shop.
 23115 | Orc:3    | Bought a book of Spatial Translocations for 780 gold pieces
 23115 | Orc:3    | Bought a book of Battle for 480 gold pieces
 23117 | Orc:3    | Learned a level 1 spell: Apportation
 23119 | Orc:3    | Learned a level 1 spell: Infusion
 23122 | Orc:3    | Learned a level 2 spell: Blink
 23125 | Orc:3    | Learned a level 2 spell: Shroud of Golubria
 23128 | Orc:3    | Learned a level 2 spell: Song of Slaying
 23605 | Orc:4    | Found a staircase to the Elven Halls.
 23646 | Orc:4    | Found Zouxin's Magic Scroll Shoppe.
 23666 | Orc:4    | Found Byejoneo's Food Emporium.
 23922 | Orc:4    | Bought a scroll of identify for 22 gold pieces
 23922 | Orc:4    | Bought a scroll of acquirement for 572 gold pieces
 23922 | Orc:4    | Bought a scroll of identify for 22 gold pieces
 24038 | Orc:4    | Received a gift from Yredelemnul
 24287 | Orc:4    | Received a gift from Yredelemnul
 24515 | Orc:4    | Paralysed by an orc sorcerer for 4 turns
 24666 | Orc:4    | Found Aggem's Antique Armour Shop.
 24666 | Orc:4    | Found a one-way gate leading to the halls of Pandemonium.
 24666 | Orc:4    | Found Hivuegh's Gadget Boutique.
 24677 | Orc:4    | Bought a pair of encrusted boots for 237 gold pieces
 24677 | Orc:4    | Bought a distressingly furry leather armour for 175 gold pieces
 24687 | Orc:4    | Identified the +2 leather armour of Valiance {-Cast rPois SInv} (You bought it in a shop on level 4 of the Orcish Mines)
 24692 | Orc:4    | Identified the +1 pair of boots "Xeobock" {Int+7 Stlth-} (You bought it in a shop on level 4 of the Orcish Mines)
 24984 | D:13     | Reached skill level 15 in Polearms
 24985 | D:13     | Gained mutation: You have hooves in place of feet. [demonic ancestry]
 24985 | D:13     | Reached XP level 15. HP: 120/120 MP: 22/22
 24989 | D:13     | Found Guzol's Jewellery Boutique.
 25076 | D:13     | Found Watsan's General Store.
 25174 | D:13     | Received a gift from Yredelemnul
 25200 | D:13     | Noticed Maurice
 25210 | D:13     | Killed Maurice
 25373 | D:14     | Noticed Nessos
 25376 | D:14     | Noticed Sonja
 25379 | D:14     | Found a gate to the Vaults.
 25394 | D:14     | Killed Nessos
 25411 | D:14     | Killed Sonja
 25644 | D:14     | Identified the Papyrus of the Carpenter
 25652 | D:14     | Learned a level 3 spell: Spectral Weapon
 25660 | D:14     | Learned a level 3 spell: Regeneration
 25821 | D:14     | Received a gift from Yredelemnul
 25914 | D:15     | Entered Level 15 of the Dungeon
 25963 | D:15     | Reached skill level 16 in Polearms
 26008 | D:15     | Gained mutation: You occasionally shout uncontrollably at your foes. [potion of mutation]
 26008 | D:15     | Gained mutation: You are resistant to electric shocks. [potion of mutation]
 26008 | D:15     | Gained mutation: Your natural rate of healing is unusually fast. [potion of mutation]
 26009 | D:15     | Gained mutation: You are occasionally teleported to nearby monsters. [potion of mutation]
 26009 | D:15     | Gained mutation: You have a pair of small horns on your head. [potion of mutation]
 26010 | D:15     | Gained mutation: You have a pair of horns on your head. [potion of mutation]
 26011 | D:15     | Lost mutation: You have a pair of horns on your head. [potion of cure mutation]
 26011 | D:15     | Lost mutation: You occasionally shout uncontrollably at your foes. [potion of cure mutation]
 26011 | D:15     | Lost mutation: You are resistant to electric shocks. [potion of cure mutation]
 26011 | D:15     | Lost mutation: You are occasionally teleported to nearby monsters. [potion of cure mutation]
 26200 | D:15     | Received a gift from Yredelemnul
 26204 | D:15     | Found a staircase to the Depths.
 26215 | D:15     | Received a gift from Yredelemnul
 27054 | Swamp:1  | Entered Level 1 of the Swamp
 27054 | Swamp:1  | Noticed matakusis's ghost (powerful DsGl)
 27064 | Swamp:1  | Killed matakusis's ghost
 27064 | Swamp:1  | Reached skill level 1 in Shields
 27128 | Swamp:1  | Received a gift from Yredelemnul
 27690 | Swamp:1  | Received a gift from Yredelemnul
 27756 | Swamp:2  | Noticed Roxanne
 27769 | Swamp:2  | Killed Roxanne
 27771 | Swamp:2  | Identified Roxanne's Volume of Ashen Shape Shifting (You took it off Roxanne on level 2 of the Swamp)
 27837 | Swamp:2  | You fall through a shaft!
 27837 | Swamp:3  | Noticed a thorn hunter
 27862 | Swamp:3  | Killed a thorn hunter
 27919 | Swamp:3  | Found a frozen archway.
 27940 | IceCv    | Entered an ice cave
 28379 | IceCv    | HP: 5/122 [golden dragon simulacrum (31)]
 28963 | IceCv    | Noticed kae's ghost (powerful MiFi)
 28975 | IceCv    | Killed kae's ghost
 29301 | IceCv    | Got a jewelled cloak
 29303 | IceCv    | Got a pair of twisted gloves
 29320 | IceCv    | Identified the cursed +0 pair of gloves of the Mind {+Inv rPois} (You found it in an ice cave)
 29330 | IceCv    | Identified the +1 cloak "Nik Ent" {*Drain Str+3 Dex+3} (You found it in an ice cave)
 29410 | IceCv    | Drowned

Vault maps used:
D:1:      minmay_arrival_diagonal_passages, minmay_misc_feat_diagonals
D:2:      nicolae_overflow_quartered_altars, nicolae_ashenzari_panopticon
D:3:      nicolae_overflow_crystal_walls, gup_sewer_entry_pipe, uniq_grinder
D:4:      fiery_altar_vehumet, old_standard_altar
D:5:      lemuel_doored_altar, lemuel_crystal_altar, first_bread, uniq_edmund,
          uniq_sigmund, uniq_duvessa
D:6:      kennysheep_generic_room_4
D:7:      lemuel_crystal_altar, nicolae_overflow_hidden_temple,
          minmay_temple_entry_enclosed_plants
D:8:      zin_purify
D:9:      dpeg_lair_monsters
D:10:     old_forge, hangedman_abyss_or_decor_stabs, blue_anna_alchemist,
          small_statue_intersection
D:11:     uniq_grum, uniq_fannar
D:12:     orc_david_3, basic_altar, kennysheep_cross_room,
          nicolae_tso_swordbearing_angel
D:13:     serial_shops, shop, shop, uniq_maurice
D:14:     david_vaults_2, minmay_misc_feat_five, uniq_nessos, uniq_sonja
D:15:     grunt_enter_depths_magical_seal, grunt_decor_mini_mirrors
Lair:1:   basic_altar, lemuel_centaur_altar
Lair:2:   nicolae_volcano_entry_hallway, grunt_megastairs_4
Lair:3:   st_stairs_7, pond, lemuel_fruit_fields, grunt_megastairs_3,
          lemuel_fruit_tree
Lair:4:   minmay_swamp_entry_reptiles
Lair:5:   minmay_snake_entry_guardpost_medium, grunt_forest_small_clearings,
          zaba_antful_of_joy
Lair:6:   minmay_slime_entry_oklob_enclosed
Lair:7:   serial_bayou_pond_a, uniq_josephine, uniq_rupert
Lair:8:   evilmike_catoblepas_cave
Swamp:1:  hangedman_swamp_ruin_hall
Swamp:2:  hangedman_swamp_blocks, swamp_pool4, uniq_roxanne
Swamp:3:  portal_ice_cave_entry_imps, evilmike_swamp_ruin_house_2, uniq_nikola
Orc:3:    nicolae_orc_pool_cavern, guppyfry_orc_lava_fort
Orc:4:    pf_orc_diabolical
Sewer:    sewer_kobolds
IceCv:    ice_cave_caverns_03
Volcano:  volcano_bunker

Action                   |  1- 3 |  4- 6 |  7- 9 | 10-12 | 13-15 || total
-------------------------+-------+-------+-------+-------+-------++-------
Melee: Trident           |    65 |    99 |   107 |       |       ||   271
       Spear             |       |       |   384 |  1404 |  1736 ||  3524
       Glaive            |       |       |       |       |   427 ||   427
Invok: Animate Dead      |       |       |       |    33 |    70 ||   103
       Recall Undead Sla |       |       |       |     1 |    27 ||    28
       Enslave Soul      |       |       |       |       |     2 ||     2
  Use: Potion            |     1 |     1 |     2 |     3 |     9 ||    16
       Scroll            |       |       |     3 |     7 |    29 ||    39
 Stab: Distracted        |       |     1 |       |    21 |    44 ||    66
       Sleeping          |       |       |     5 |     1 |     8 ||    14
       Petrifying        |       |       |       |       |     2 ||     2
       Petrified         |       |       |       |       |     2 ||     2
       Confused          |       |       |       |       |     3 ||     3
       Paralysed         |       |       |       |       |     3 ||     3
       Betrayed ally     |       |       |       |       |     1 ||     1
  Eat: Chunk             |       |     3 |    17 |    26 |    52 ||    98
       Fruit             |       |       |     3 |     6 |     6 ||    15
       Pizza             |       |       |     1 |       |     4 ||     5
       Beef jerky        |       |       |     1 |       |     4 ||     5
